 Dungeon Crawl Stone Soup version 0.27.0-1-g7a089689b8 (webtiles) character file.

Game seed: 8073697369164187741

28 gimp the Ducker (level 3, -1/18 HPs)
             Began as a Spriggan Transmuter on Aug 11, 2021.
             Slain by an adder (2 damage)
             ... on level 2 of the Dungeon.
             The game lasted 00:07:23 (1828 turns).

gimp the Ducker (Spriggan Transmuter)               Turns: 1828, Time: 00:07:24

Health: -1/18      AC:  2    Str:  6    XL:     3   Next: 0%
Magic:  6/8        EV: 18    Int: 14    God:
Gold:   26         SH:  0    Dex: 16    Spells: 6/7 levels left

rFire    . . .     SeeInvis +   d - +0 dagger
rCold    . . .     Faith    .   (shield restricted)
rNeg     . . .     Spirit   .   a - +0 robe
rPois    .         Reflect  .   (helmet restricted)
rElec    .         Harm     .   (no cloak)
rCorr    .         Rampage  .   (gloves unavailable)
Will     .....                  (boots unavailable)
Stlth    ++........             (no amulet)
HPRegen  0.06/turn              (no ring)
MPRegen  0.11/turn              (no ring)

@: lethally poisoned (-1 -> -4), very quick
A: very small, no large weapons, unfitting armour, see invisible, speed 3
a: no special abilities


You were on level 2 of the Dungeon.
You visited 1 branch of the dungeon, and saw 2 of its levels.

You collected 26 gold pieces.

Inventory:

Hand Weapons
 d - a +0 dagger (weapon)
Missiles
 e - 10 poisoned darts (quivered)
Armour
 a - a +0 robe (worn)
Scrolls
 b - a scroll of teleportation {unknown}
 f - a scroll of magic mapping {unknown}
 g - a scroll of identify {unknown}
Potions
 h - a potion of degeneration {unknown}


   Skills:
 + Level 1.2 Fighting
 * Level 3.6 Dodging
 * Level 2.6 Stealth
 - Level 2.4 Unarmed Combat
 - Level 2.6 Spellcasting
 - Level 2.6 Transmutations


You had 6 spell levels left.
You knew the following spells:

 Your Spells              Type           Power      Damage    Failure   Level
a - Beastly Appendage     Tmut           18%        N/A       8%          1

Your spell library contained the following spells:

 Spells                   Type           Power      Damage    Failure   Level
 Wereblood                Tmut           9%         N/A       11%         2
 Animate Skeleton         Necr           2%         N/A       22%         1
 Apportation              Tloc           2%         N/A       22%         1
 Corona                   Hex            1%         N/A       22%         1
 Summon Small Mammal      Summ           4%         N/A       22%         1
 Spider Form              Tmut/Pois      2%         N/A       36%         3
 Ice Form                 Ice/Tmut       5%         N/A       77%         4


Dungeon Overview and Level Annotations

Branches:
Dungeon (2/15)

Altars:


Innate Abilities, Weirdness & Mutations

You are very small and have problems with some larger weapons.
You are too small for most types of armour.
You have supernaturally acute eyesight. (SInv)
You cover ground extremely quickly. (Speed+++)


Message History

The adder is lightly wounded.
The adder barely misses you.
You hit the adder but do no damage.
The adder is lightly wounded.
The adder barely misses you. x2
Casting: Beastly Appendage (safe; 8% risk of failure)
Confirm with . or Enter, or press ? or * to list all spells.
You miscast Beastly Appendage.
You are very lightly contaminated with residual magic.
Nothing appears to happen.
You now have 7/8 mp.
Casting: Beastly Appendage (safe; 8% risk of failure)
Confirm with . or Enter, or press ? or * to list all spells.
You grow a pair of large bovine horns.
Your feet morph into talons.
The adder bites you. The adder closely misses you.
You take 5 damage, and have 7/18 hp.
MASSIVE DAMAGE!!
You now have 6/8 mp.
You are too injured to fight recklessly!
You hit the adder. Your kick misses the adder.
You headbutt the adder, but do no damage.
The adder is moderately wounded.
The adder closely misses you.
You closely miss the adder. You claw the adder, but do no damage.
Your headbutt misses the adder. Your punch misses the adder.
The adder is moderately wounded.
The adder closely misses you.
You hit the adder but do no damage.
The adder is moderately wounded.
The adder bites you.
* * * LOW HITPOINT WARNING * * *
You are lethally poisoned!
The adder poisons you! The adder closely misses you.
You take 5 damage, and have 2/18 hp.
MASSIVE DAMAGE!!
It was a potion of cancellation.
Your magical effects are unravelling.
You feel magically purged.
Your magical contamination has completely faded away.
Your horns disappear.
Your talons disappear.
* * * LOW HITPOINT WARNING * * *
You feel sick. The adder bites you.
You die...

..... .....#
...... ....# ...
#r## #+# #gB# #.#
##S#####.#######
#@#..........<#
#...###.#######
##..###.##########
#..........†......
#.#.###.##########
#.#..†.........
#.#...#.#######
#.#...#.#
#.###.#.#


You could see an adder, a giant cockroach, a hobgoblin and a rat.

Vanquished Creatures
  A dart slug (D:1)
  6 bats
  2 endoplasms (D:1)
  A giant cockroach (D:1)
  2 goblins (D:1)
  A hobgoblin (D:1)
  3 kobolds
  2 quokkas (D:1)
  2 ball pythons
  3 frilled lizards (D:1)
  3 rats
26 creatures vanquished.

Notes
Turn   | Place    | Note
-------+----------+-------------------------------------------
     0 | D:1      | gimp the Spriggan Transmuter began the quest for the Orb.
     0 | D:1      | Reached XP level 1. HP: 9/9 MP: 5/5
   114 | D:1      | Reached skill level 3 in Dodging
   114 | D:1      | Reached skill level 1 in Stealth
   120 | D:1      | Reached skill level 1 in Fighting
   122 | D:1      | Reached XP level 2. HP: 7/14 MP: 6/6
   707 | D:1      | Found a faded altar of an unknown god.
  1750 | D:2      | Reached XP level 3. HP: 14/18 MP: 8/8
  1828 | D:2      | Slain by an adder

Illustrated notes

Levels and vault maps discovered:
D:1:      dpeg_arrival_rooms_b, layout_rooms,
          chequers_ecumenical_altar_simple_redux, item_on_display_b
D:2:      layout_basic, uniq_natasha

Skill      XL: |  1  2 |
---------------+-------+-----
Dodging        | 3 |  3.6
Stealth        | 1 2 |  2.6
Fighting       | 1 |  1.2
Unarmed Combat | |  2.4
Spellcasting   | |  2.6
Transmutations | |  2.6

Action                   || total
-------------------------++-------
Melee: Dagger            ||   103
       Kick              ||     7
       Unarmed           ||     3
       Headbutt          ||     2
       Punch             ||     1
Throw: Dart              ||    24
 Cast: Beastly Appendage ||     7
  Use: Potion            ||     1
 Stab: Distracted        ||     1
       Sleeping          ||     5
Armor: Robe              ||    12
Dodge: Dodged            ||   114
